[Event "*** Titled Tuesday Blitz"]
[Site "Chess.com"]
[Date "2021.02.02"]
[Round "9"]
[White "SirStrateg"]
[Black "Balla_Tamas"]
[Result "0-1"]
[WhiteElo "2641"]
[BlackElo "2501"]
[TimeControl "180+1"]
[EndTime "11:44:11 PST"]
[Termination "Balla_Tamas won by resignation"]

1. e4 g6 2. d4 Bg7 3. c3 d6 4.
Nf3 c6 5. h3 e5 6. dxe5 dxe5 7.
Qxd8+ Kxd8 8. Bc4 f6 9. Be3 Kc7 10. Nbd2 Ne7 11. O-O-O b5 12. Bc5 Bf8 13. Bf7 Na6 14.
Be3 Bd7 15. Nb3 Nc8 16. g4 Nd6 17. Rxd6 Bxd6 18. Na5 Bc5 19. b4 Bxe3+ 20. fxe3 Raf8 21. Bb3 h5 22. g5 fxg5 23. Nxe5 Rf6 24. Nf7 Rf8 25. Nxg5 Rf1+ 26. Rxf1 Rxf1+ 27. Kd2 Rg1 28. h4 Rg4 29. e5 Rxh4 30. e6 Be8 31. e4 Rg4 32. Nf7 Rxe4 0-1

[Event "*** Titled Tuesday Blitz"]
[Site "Chess.com"]
[Date "2021.02.02"]
[Round "9"]
[White "Ladislav1969"]
[Black "mjray79"]
[Result "0-1"]
[WhiteElo "2335"]
[BlackElo "2521"]
[TimeControl "180+1"]
[EndTime "11:44:14 PST"]
[Termination "mjray79 won by checkmate"]

1. e4 e5 2. Bc4 Nf6 3. d3 Nc6 4. Nf3 Bc5 5. c3 O-O 6. Nbd2 d5 7. exd5 Nxd5 8. O-O Nb6 9. Bb5 Bd6 10. Re1 Bg4 11.
h3 Bh5 12. g4 Bg6 13. Bxc6 bxc6 14. Ne4 Kh8 15. Nxd6 cxd6 16. d4 e4 17. Nd2 d5 18.
Nf1 Qh4 19. Kg2 f5 20. g5 Bh5 21. Qd2 f4 22. Ng3 Nc4 23. Qc2 Bf3+ 24. Kh2 Bg4 25.
Bxf4 Qxh3+ 26. Kg1 Bf3 27. Qxe4 Qg2# 0-1

[Event "*** Titled Tuesday Blitz"]
[Site "Chess.com"]
[Date "2021.02.02"]
[Round "9"]
[White "MilosJi"]
[Black "SGchess01"]
[Result "1/2-1/2"]
[WhiteElo "2669"]
[BlackElo "2808"]
[TimeControl "180+1"]
[EndTime "11:44:19 PST"]
[Termination "Game drawn by repetition"]

1. Nf3 Nf6 2. c4 g6 3. g3 Bg7 4.
Bg2 O-O 5. O-O d6 6. d4 Nc6 7.
Nc3 e5 8. dxe5 dxe5 9. Qxd8 Rxd8 10. Bg5 Be6 11. Nd2 h6 12. Bxf6 Rxd2 13. Bxg7 Kxg7 14.
Nd5 Rxb2 15. Nxc7 Rc8 16. Nxe6+ fxe6 17. Rfb1 Rxb1+ 18. Rxb1 b6 19. Bxc6 Rxc6 20. Rb4 e4 21.
Kf1 Kf6 22. Ke1 Ke5 23. Kd2 a5 24. Ra4 Kd4 25. c5+ Kxc5 26. Rxe4 b5 27. h4 Kd5 28. f3 b4 29. Re3 a4 30. Re4 Kc5 31. Kc2 Kb5+ 32. Kb2 Rd6 33. Kc2 Kc5 34. Re5+ Kc4 35.
Re4+ Kc5 36. Re5+ Kc4 37. Re4+ Kc5 1/2-1/2

[Event "*** Titled Tuesday Blitz"]
[Site "Chess.com"]
[Date "2021.02.02"]
[Round "9"]
[White "davigator"]
[Black "guillembaches"]
[Result "1-0"]
[WhiteElo "2348"]
[BlackElo "2459"]
[TimeControl "180+1"]
[EndTime "11:44:24 PST"]
[Termination "davigator won by resignation"]

1. e4 c5 2. Nf3 d6 3. d4 cxd4 4.
Nxd4 Nf6 5. Nc3 Nc6 6. Bg5 e6 7.
f3 a6 8. Qd2 h6 9. Be3 Bd7 10.
O-O-O h5 11. h3 Be7 12. Kb1 b5 13. Nxc6 Bxc6 14. Ne2 Qc7 15. Nd4 Bb7 16. Bd3 d5 17. e5 Nd7 18. f4 Nc5 19. g4 Ne4 20. Qe1 O-O-O 21. Bxe4 dxe4 22. Qg3 Bc5 23. gxh5 Qb6 24. Qxg7 Rxh5 25. Qxf7 Rf5 26. Nxf5 exf5 27. Qxf5+ 1-0

[Event "*** Titled Tuesday Blitz"]
[Site "Chess.com"]
[Date "2021.02.02"]
[Round "9"]
[White "SanchezKelvin"]
[Black "northridgehawk"]
[Result "0-1"]
[WhiteElo "2455"]
[BlackElo "2331"]
[TimeControl "180+1"]
[EndTime "11:44:25 PST"]
[Termination "northridgehawk won on time"]

1. e4 e5 2. Nf3 Nc6 3. Bc4 Nf6 4. d3 Bc5 5. Kd2 O-O 6. Ke1 d5 7. exd5 Nxd5 8. Nc3 Nb6 9. Bb3 Bg4 10. h3 Bh5 11. Ne4 Be7 12. g4 Bg6 13. h4 h5 14. Nfg5 hxg4 15. Qxg4 Nd4 16. h5 Bf5 17. Qg3 Nxb3 18. axb3 Nd5 19. h6 g6 20. Qxe5 f6 21. h7+ Kg7 22.
Ne6+ Kh8 23. Nxd8 fxe5 24. Ne6 Bxe6 0-1

[Event "*** Titled Tuesday Blitz"]
[Site "Chess.com"]
[Date "2021.02.02"]
[Round "9"]
[White "GMaka"]
[Black "sergeikim"]
[Result "1-0"]
[WhiteElo "2428"]
[BlackElo "2495"]
[TimeControl "180+1"]
[EndTime "11:44:27 PST"]
[Termination "GMaka won on time"]

1. c4 e5 2. g3 Nc6 3. Bg2 g6 4. Nc3 Bg7 5. Rb1 Nge7 6. b4 d6 7. b5 Nd4 8. e3 Ne6 9. Nge2 O-O 10. d4 exd4 11. exd4 Nf5 12. Be3 Nxe3 13. fxe3 Ng5 14.
h4 Ne6 15. Qd3 Rb8 16. a4 Bd7 17. a5 a6 18. bxa6 bxa6 19. O-O c6 20. Ne4 Qc7 21. Qa3 c5 22. d5 Rxb1 23. Rxb1 Nd8 24. Rb6 Be5 25.
Rxa6 Bg4 26. Nf4 Qe7 27. Ra8 f5 28. Ng5 Bf6 29. a6 Bxg5 30. hxg5 Qc7 31. a7 Qb7 32. Rb8 1-0

[Event "*** Titled Tuesday Blitz"]
[Site "Chess.com"]
[Date "2021.02.02"]
[Round "9"]
[White "HackingKid98"]
[Black "fabianvivasz"]
[Result "1-0"]
[WhiteElo "2465"]
[BlackElo "2315"]
[TimeControl "180+1"]
[EndTime "11:44:27 PST"]
[Termination "HackingKid98 won on time"]

1. d4 Nf6 2. c4 g6 3. g3 d5 4.
cxd5 Nxd5 5. Bg2 Bg7 6. Nf3 O-O 7. O-O Nc6 8. e4 Nb6 9. d5 Nb4 10. Nc3 e6 11. a3 Na6 12. Nd4 exd5 13. Nxd5 c6 14.
Nxb6 Qxb6 15. Be3 Qxb2 16. Qd3 Nc5 17. Qc4 b6 18. Rfb1 Ba6 19. Qb4 Qxa1 20. Rxa1 Nd3 21. Qb1 c5 22. Nb3 1-0

[Event "*** Titled Tuesday Blitz"]
[Site "Chess.com"]
[Date "2021.02.02"]
[Round "9"]
[White "YIYUKI"]
[Black "MVM2008"]
[Result "1-0"]
[WhiteElo "2243"]
[BlackElo "2112"]
[TimeControl "180+1"]
[EndTime "11:44:28 PST"]
[Termination "YIYUKI won by resignation"]

1. d4 Nf6 2. c4 e6 3. Nc3 Bb4 4.
e3 Nc6 5. Ne2 d5 6. a3 Bxc3+ 7.
Nxc3 b6 8. cxd5 exd5 9. b4 Bb7 10. Bb2 O-O 11. Bd3 Ne7 12. O-O Rb8 13. b5 c5 14.
bxc6 Bxc6 15. a4 Qd7 16. Ba3 Rfe8 17. Qb3 Ng6 18. Ne2 Nh4 19. Ng3 Ne4 20. Qb4 Re6 21.
Rfc1 Rh6 22. Bb5 Nxg2 23. Rxc6 Qh3 24. Rxh6 gxh6 25. Bf1 Nxf2 26. Bxg2 1-0

[Event "*** Titled Tuesday Blitz"]
[Site "Chess.com"]
[Date "2021.02.02"]
[Round "9"]
[White "zacachess"]
[Black "HanSchut"]
[Result "1-0"]
[WhiteElo "2437"]
[BlackElo "2278"]
[TimeControl "180+1"]
[EndTime "11:44:29 PST"]
[Termination "zacachess won by resignation"]

1. e4 c5 2. Nf3 d6 3. d4 cxd4 4. Nxd4 Nf6 5. Nc3 a6 6. Bg5 e6 7.
Qe2 Be7 8. f4 Nbd7 9. O-O-O Qc7 10. g4 b5 11. a3 Bb7 12. Bh4 Nxe4 13. Nxe4 Bxh4 14. Nf5 exf5 15. Nxd6+ Kf8 16. Nxb7 Re8 17. Qf3 fxg4 18. Qxg4 Nf6 19. Qxh4 Qxb7 20. Rg1 Qe4 21. Bd3 Qe3+ 22. Kb1 Nd5 23. Qg5 Qd4 24. Bxb5 Nc3+ 25. bxc3 Qb6 26. Qxg7+ Ke7 27. Rge1+ 1-0

[Event "*** Titled Tuesday Blitz"]
[Site "Chess.com"]
[Date "2021.02.02"]
[Round "9"]
[White "SanQui14"]
[Black "Vandros57"]
[Result "1-0"]
[WhiteElo "2434"]
[BlackElo "2249"]
[TimeControl "180+1"]
[EndTime "11:44:30 PST"]
[Termination "SanQui14 won by resignation"]

1. d4 d5 2. c4 e6 3. Nc3 Nf6 4. Bg5 Be7 5. cxd5 Nxd5 6. Bxe7 Qxe7 7. e4 Nxc3 8. bxc3 O-O 9. Nf3 c5 10. Bd3 cxd4 11. cxd4 Qb4+ 12. Qd2 Qxd2+ 13. Kxd2 b6 14. Rhc1 Ba6 15. Rc7 Bxd3 16. Kxd3 Na6 17. Re7 Rfe8 18.
Rb7 Reb8 19. Rxb8+ Rxb8 20. a3 Rc8 21. Ne5 f6 22.
Nc4 Kf8 23. Nd6 Rc6 24. Nb5 e5 25. Nxa7 Rd6 26. d5 Nc5+ 27. Ke3 f5 28. f3 f4+ 29. Kf2 Nd3+ 30. Ke2 Nb2 31. Rc1 Rg6 32. Kf1 Nd3 33. Rc7 b5 34. Nc6 b4 35. axb4 h5 36. b5 h4 37. h3 1-0

[Event "*** Titled Tuesday Blitz"]
[Site "Chess.com"]
[Date "2021.02.02"]
[Round "9"]
[White "Aslanov_Umid"]
[Black "dennisodessa"]
[Result "0-1"]
[WhiteElo "2332"]
[BlackElo "2477"]
[TimeControl "180+1"]
[EndTime "11:44:33 PST"]
[Termination "dennisodessa won by resignation"]

1. e4 e6 2. d4 d5 3. Nd2 Nf6 4. e5 Nfd7 5. Bd3 c5 6. c3 Nc6 7. Ne2 cxd4 8. cxd4 f6 9. exf6 Qxf6 10. Nf3 h6 11. O-O Bd6 12. a3 O-O 13. Bc2 Rd8 14. Qd3 Nf8 15. Ng3 Bd7 16. Bd2 Be8 17. Qe3 Bg6 18.
Bxg6 Nxg6 19. Nh5 Qf5 20. Nxg7 Kxg7 21. Qxh6+ Kg8 22. Ng5 Rd7 23. Rfe1 Rf8 24. Nxe6 Rh7 25. Qe3 Bxh2+ 26. Kf1 Bf4 27. Nxf4 Nxf4 28. Qg3+ Rg7 29. Qxf4 Qd3+ 0-1

[Event "*** Titled Tuesday Blitz"]
[Site "Chess.com"]
[Date "2021.02.02"]
[Round "9"]
[White "Arseniy_Nesterov"]
[Black "Sychev_Klementy"]
[Result "1-0"]
[WhiteElo "2841"]
[BlackElo "2898"]
[TimeControl "180+1"]
[EndTime "11:44:34 PST"]
[Termination "Arseniy_Nesterov won by checkmate"]

1. d4 Nf6 2. c4 e6 3. Nf3 b6 4.
a3 Bb7 5. Nc3 Ne4 6. Nxe4 Bxe4 7. Bf4 d6 8. e3 Nd7 9. Bd3 Bxd3 10. Qxd3 g6 11. O-O-O Bg7 12. h4 h6 13. g4 a6 14. e4 O-O 15. e5 Qe7 16. Qe3 Kh7 17. h5 g5 18. Bxg5 hxg5 19. h6 Bxh6 20. Nxg5+ Kg7 21. Rxh6 Kxh6 22. Nxe6+ Kg6 23. Qe4+ f5 24.
exf6+ Kxf6 25. Qf5# 1-0

[Event "*** Titled Tuesday Blitz"]
[Site "Chess.com"]
[Date "2021.02.02"]
[Round "9"]
[White "The_filthy"]
[Black "KetiGrant"]
[Result "0-1"]
[WhiteElo "2225"]
[BlackElo "2369"]
[TimeControl "180+1"]
[EndTime "11:44:34 PST"]
[Termination "KetiGrant won by resignation"]

1. e4 c5 2. Nf3 Nc6 3. d4 cxd4 4. Nxd4 e5 5. Nb5 d6 6. N1c3 a6 7. Na3 Be7 8. Nd5 Nf6 9. Nxf6+ Bxf6 10. c3 b5 11. Nc2 O-O 12. Bd3 Bg5 13. O-O Be6 14. Ne3 Bxe3 15. Bxe3 d5 16. exd5 Qxd5 17. Qe2 Rad8 18.
Rfd1 e4 19. Bc2 Qe5 20. a4 Bc4 21. Qg4 f5 22. Qg5 h6 23. Qg6 Rf6 24. Rxd8+ Nxd8 25. Bd4 Rxg6 26. Bxe5 Nc6 27. Bf4 Re6 28. axb5 axb5 29. h4 Kf7 30. Rd1 Ne5 31. Bxe5 Rxe5 32. b3 Be6 33. b4 Bc4 34. Rd7+ Re7 35. Rxe7+ Kxe7 36. f3 exf3 37. Bxf5 fxg2 38. Kxg2 Kf6 39. Be4 Ke5 40. Kf3 Bd5 41. Bxd5 Kxd5 42. Ke3 Kc4 43. Kd2 g5 0-1

[Event "*** Titled Tuesday Blitz"]
[Site "Chess.com"]
[Date "2021.02.02"]
[Round "9"]
[White "alexrustemov"]
[Black "sara_khm"]
[Result "1-0"]
[WhiteElo "2767"]
[BlackElo "2519"]
[TimeControl "180+1"]
[EndTime "11:44:35 PST"]
[Termination "alexrustemov won by resignation"]

1. d4 Nf6 2. Nf3 d5 3. c4 e6 4.
Nc3 a6 5. cxd5 exd5 6. Bg5 Be6 7.
e3 Nbd7 8. Qc2 h6 9. Bh4 g5 10. Bg3 Nh5 11. Bd3 g4 12. Nd2 Nxg3 13. hxg3 h5 14.
O-O-O Bg7 15. Kb1 Nb6 16. Ne2 h4 17. gxh4 Rxh4 18. Rxh4 Qxh4 19. Qxc7 Nd7 20. g3 Qh2 21. Rf1 Bh6 22. Qxb7 Rb8 23. Qxa6 Qg2 24. a3 Bg5 25. Ka2 Ke7 26. Qc6 Rb6 27. Qc1 Kd6 28. Qe1 Rc6 29.
Rg1 Qh2 30. Rh1 Qg2 31. Qg1 Qxg1 32. Rxg1 Nb6 33. Rc1 Nc4 34. Bxc4 1-0

[Event "*** Titled Tuesday Blitz"]
[Site "Chess.com"]
[Date "2021.02.02"]
[Round "9"]
[White "Mambastik-Fantastic"]
[Black "jens1102"]
[Result "0-1"]
[WhiteElo "2271"]
[BlackElo "2420"]
[TimeControl "180+1"]
[EndTime "11:44:35 PST"]
[Termination "jens1102 won by resignation"]

1. e4 c5 2. Nf3 d6 3. d4 cxd4 4. Nxd4 Nf6 5. Nc3 a6 6. Be3 e6 7. f3 Nbd7 8. Qd2 Be7 9. O-O-O O-O 10. g4 b5 11. h4 Bb7 12. h5 b4 13. Na4 Qa5 14.
b3 Nc5 15. a3 Rac8 16. axb4 Nxb3+ 17. Nxb3 Qxa4 18. Kb1 Nxe4 19. fxe4 Bxe4 20. Bd3 Bxh1 21. Rxh1 Bf6 22. g5 Be5 23. g6 Rc3 24. gxf7+ Kh8 25.
Qd1 Rxb3+ 26. Kc1 Bc3 0-1

[Event "*** Titled Tuesday Blitz"]
[Site "Chess.com"]
[Date "2021.02.02"]
[Round "9"]
[White "Lagmantr"]
[Black "mikolka1985"]
[Result "0-1"]
[WhiteElo "2757"]
[BlackElo "2605"]
[TimeControl "180+1"]
[EndTime "11:44:36 PST"]
[Termination "mikolka1985 won by resignation"]

1. Nc3 Nf6 2. e4 e5 3. Nf3 Nc6 4. Be2 Bd6 5. O-O O-O 6. d3 Re8 7. Bg5 Be7 8. h3 h6 9. Bh4 d6 10. Bg3 Bf8 11. Nd5 Nxd5 12. exd5 Ne7 13. c4 g6 14. d4 e4 15. Nd2 Nf5 16. Nb3 Nxg3 17. fxg3 Bg7 18. Qe1 Bd7 19. g4 Ba4 20. Rd1 Qe7 21.
Qg3 Rf8 22. Qe3 Rae8 23. Rf2 Bf6 24. Rdf1 Bg5 25. Qc3 b6 26. g3 e3 27. Rf3 Bd7 28. Nc1 h5 29. h4 hxg4 30. Rf4 Bxf4 31. Rxf4 g5 32. hxg5 Qxg5 33. Nd3 Kg7 34. Ne1 Rh8 35. Ng2 Rh3 36. Qe1 Reh8 37. Nh4 R8xh4 0-1

[Event "*** Titled Tuesday Blitz"]
[Site "Chess.com"]
[Date "2021.02.02"]
[Round "9"]
[White "JAAC2002"]
[Black "krasavetc"]
[Result "1-0"]
[WhiteElo "2504"]
[BlackElo "2362"]
[TimeControl "180+1"]
[EndTime "11:44:36 PST"]
[Termination "JAAC2002 won by resignation"]

1. e4 e6 2. d4 d5 3. Nd2 Nf6 4. e5 Nfd7 5. Bd3 c5 6. c3 Nc6 7. Ne2 a6 8. O-O b5 9. f4 Bb7 10. f5 Qe7 11. Nf3 O-O-O 12. a4 b4 13. cxb4 Nxb4 14.
Be3 Kb8 15. Qd2 Nxd3 16. Qxd3 Nb6 17. dxc5 Nc4 18. Bd4 Na5 19. Qc3 Nc6 20. b4 exf5 21. Rfc1 g5 22. b5 Nxd4 23. Nfxd4 Bg7 24. c6 Bxe5 25.
cxb7 Kxb7 26. Qc6+ Kb8 27. Qb6+ 1-0

[Event "*** Titled Tuesday Blitz"]
[Site "Chess.com"]
[Date "2021.02.02"]
[Round "9"]
[White "InitiatingASC"]
[Black "Nachsueb"]
[Result "1-0"]
[WhiteElo "2392"]
[BlackElo "2169"]
[TimeControl "180+1"]
[EndTime "11:44:38 PST"]
[Termination "InitiatingASC won by resignation"]

1. Nf3 c5 2. g3 g6 3. Bg2 Nc6 4. O-O Bg7 5. c4 e5 6. d3 Nge7 7. Nc3 O-O 8. Ne1 d6 9. Nc2 Be6 10. Ne3 f5 11. Ncd5 a6 12. Rb1 Rb8 13. a4 f4 14.
Nxe7+ Nxe7 15. Nd5 Nxd5 16. cxd5 Bd7 17. b4 b6 18. Bd2 g5 19. Qb3 Qe7 20. bxc5 bxc5 21.
Qxb8 Rxb8 22. Rxb8+ Kf7 23. Rfb1 h5 24. R1b7 g4 25.
Be4 Kf6 26. Ba5 Bxa4 27. Bd8 Bf8 28. Bxe7+ Bxe7 29. Rh8 Bd1 30. Rh6+ Kg7 31. Rh7+ Kf8 32. Rbxe7 Bxe2 33. Ref7+ Ke8 34. Ra7 1-0

[Event "*** Titled Tuesday Blitz"]
[Site "Chess.com"]
[Date "2021.02.02"]
[Round "9"]
[White "Ave_Mariia"]
[Black "A-S-00"]
[Result "1-0"]
[WhiteElo "2480"]
[BlackElo "2336"]
[TimeControl "180+1"]
[EndTime "11:44:39 PST"]
[Termination "Ave_Mariia won by resignation"]

1. d4 Nf6 2. c4 g6 3. Nc3 Bg7 4. e4 d6 5. Be2 O-O 6. Nf3 Nbd7 7. O-O e5 8. Re1 a5 9. Bf1 exd4 10. Nxd4 Re8 11. f3 Nc5 12. Be3 Nfd7 13. Qd2 a4 14. Rad1 Nf8 15. Ndb5 Nfe6 16. f4 Bd7 17. Bf2 Bc6 18.
Nd5 Bxb5 19. cxb5 Nf8 20. e5 Nce6 21. Qc2 dxe5 22. fxe5 Qg5 23. h4 Qg4 24. Re4 Qf5 25.
g4 Qf3 26. Bg2 Nd4 27. Rdxd4 1-0

[Event "*** Titled Tuesday Blitz"]
[Site "Chess.com"]
[Date "2021.02.02"]
[Round "9"]
[White "ChessQueen"]
[Black "GOGIEFF"]
[Result "1-0"]
[WhiteElo "2740"]
[BlackElo "2898"]
[TimeControl "180+1"]
[EndTime "11:44:40 PST"]
[Termination "ChessQueen won by resignation"]

1. e4 c5 2. c3 e6 3. Nf3 d5 4.
exd5 exd5 5. d4 Nc6 6. Bb5 Bd6 7. O-O Ne7 8. dxc5 Bxc5 9. Nbd2 O-O 10. Nb3 Bb6 11.
Bg5 Qd6 12. Qd2 Ng6 13. Rad1 a6 14. Be2 Re8 15. Rfe1 h6 16. Be3 Bxe3 17. fxe3 Qe7 18. Bf1 Be6 19. Qf2 Rad8 20. h3 Nf8 21. Qg3 Nh7 22. Nbd4 Nf6 23. Nxc6 bxc6 24. Nd2 a5 25. Bd3 Rb8 26. b3 Qc5 27. c4 a4 28. Kh2 Qa3 29. cxd5 cxd5 30. Bb1 Nh5 31. Qh4 Qd6+ 32. Kg1 Ng3 33.
Qxa4 Rb4 34. Qxe8+ 1-0

[Event "*** Titled Tuesday Blitz"]
[Site "Chess.com"]
[Date "2021.02.02"]
[Round "9"]
[White "andrzej"]
[Black "zimmm36"]
[Result "1-0"]
[WhiteElo "2313"]
[BlackElo "2130"]
[TimeControl "180+1"]
[EndTime "11:44:40 PST"]
[Termination "andrzej won by resignation"]

1. e4 c5 2. Nc3 Nc6 3. Bb5 Nd4 4. Nf3 Nxb5 5. Nxb5 a6 6. Nc3 d6 7. d4 cxd4 8. Qxd4 Nf6 9. Bg5 e6 10. O-O-O Be7 11.
e5 dxe5 12. Qxe5 Bd7 13. h4 O-O 14. h5 h6 15. Bf4 Qc8 16. Qe3 Nd5 17. Nxd5 exd5 18.
Qxe7 Bg4 19. Rxd5 Qc4 20. Rd4 Qxa2 21. Qa3 Qe6 22. Re1 Qf5 23. Re5 Qc8 24. Qc5 Qxc5 25. Rxc5 Rac8 26. Rxc8 Rxc8 27. Ne5 Bxh5 28. g4 f6 29.
gxh5 fxe5 30. Bxe5 Rc5 31. f4 1-0

[Event "*** Titled Tuesday Blitz"]
[Site "Chess.com"]
[Date "2021.02.02"]
[Round "9"]
[White "NovikovaGalina"]
[Black "Trickster_Pony"]
[Result "0-1"]
[WhiteElo "2226"]
[BlackElo "1474"]
[TimeControl "180+1"]
[EndTime "11:44:40 PST"]
[Termination "Trickster_Pony won by checkmate"]

1. e4 c5 2. Nf3 g6 3. d4 cxd4 4. Nxd4 Nc6 5. Nc3 Bg7 6. Be3 Nf6 7. Nxc6 bxc6 8. e5 Nd5 9. Nxd5 cxd5 10. Qxd5 Rb8 11.
O-O-O Bb7 12. Qd4 O-O 13. f4 d6 14. Bc4 Qc7 15. Bb3 dxe5 16. Qd7 Qa5 17. Qxe7 Bxg2 18.
Rhe1 exf4 19. Bxf4 Rxb3 20. cxb3 Qxa2 21. Qxf8+ Bxf8 22. Re8 Qxb3 23. Rdd8 Qc4+ 24. Kb1 Be4+ 25. Ka1 Qa4# 0-1

[Event "*** Titled Tuesday Blitz"]
[Site "Chess.com"]
[Date "2021.02.02"]
[Round "9"]
[White "Kostya_Nikologorskiy"]
[Black "GiorgianBarbosa"]
[Result "1-0"]
[WhiteElo "2669"]
[BlackElo "2488"]
[TimeControl "180+1"]
[EndTime "11:44:43 PST"]
[Termination "Kostya_Nikologorskiy won by resignation"]

1. e4 c6 2. d4 d5 3. Nc3 dxe4 4. Nxe4 Nf6 5. Qd3 Nxe4 6. Qxe4 Nd7 7. Bg5 Qa5+ 8. Bd2 Qb6 9. O-O-O Nf6 10. Qh4 Bf5 11.
Bc4 e6 12. f3 O-O-O 13. Ne2 Bb4 14. Bg5 Be7 15. Qe1 Bg6 16. h4 h6 17. Bd2 Nd5 18. Ba5 Bb4 19. Bxb6 axb6 20. c3 Ne3 21. cxb4 Nxc4 22. Qc3 b5 23. Nf4 Bh7 24. b3 Nb6 25.
Qc5 Nd7 26. Qe7 Rhf8 27. Kb2 Kc7 28. d5 Rde8 29. Nxe6+ fxe6 30. Qxg7 Bg8 31. dxc6 1-0

[Event "*** Titled Tuesday Blitz"]
[Site "Chess.com"]
[Date "2021.02.02"]
[Round "9"]
[White "dosto07"]
[Black "Aikiigm"]
[Result "0-1"]
[WhiteElo "2431"]
[BlackElo "2575"]
[TimeControl "180+1"]
[EndTime "11:44:43 PST"]
[Termination "Aikiigm won on time"]

1. d4 d5 2. Nf3 c6 3. Bf4 Nf6 4. e3 Bg4 5. c4 Nbd7 6. Qb3 Bxf3 7.
gxf3 Qb6 8. c5 Qxb3 9. axb3 a6 10. b4 Nh5 11. b5 cxb5 12. Bxb5 Nxf4 13. exf4 Rc8 14. Ba4 g6 15. Nc3 Bg7 16. Nxd5 Kd8 17. Bxd7 Kxd7 18. Nb6+ Kc6 19. Nxc8 Rxc8 20. O-O-O Kd5 21.
Rhe1 e6 22. Kb1 Rd8 23. Kc2 h5 24. Re5+ Kc6 25. Re4 Rd5 26. Kc3 Rf5 27. b4 Bh6 28. Kc4 Bxf4 29. h3 Bc7 30. Rd3 Rd5 31. Re2 Bf4 32.
Rb2 b5+ 33. cxb6 Kxb6 34. Ra2 Rd6 35. d5 exd5+ 36. Rxd5 Rc6+ 37. Rc5 Rf6 38. b5 a5 39. Re2 Bh2 0-1

[Event "*** Titled Tuesday Blitz"]
[Site "Chess.com"]
[Date "2021.02.02"]
[Round "9"]
[White "Oleksandr_Bortnyk"]
[Black "CrushingKings"]
[Result "1-0"]
[WhiteElo "2896"]
[BlackElo "2384"]
[TimeControl "180+1"]
[EndTime "11:44:46 PST"]
[Termination "Oleksandr_Bortnyk won by resignation"]

1. e4 c5 2. c3 Nf6 3. e5 Nd5 4. d4 cxd4 5. Nf3 Nc6 6. cxd4 d6 7.
Nc3 Nxc3 8. bxc3 Bg4 9. Rb1 Qc8 10. h3 Bf5 11. Rb3 e6 12. Bf4 dxe5 13. Nxe5 Bd6 14. g4 Be4 15. f3 Bg6 16. Nxg6 Bxf4 17.
Nxf4 Qc7 18. Ne2 O-O 19. Bg2 e5 20. d5 Na5 21. Rb4 e4 22. Rxe4 Qb6 23. Qd4 Qb1+ 24. Kf2 Qb2 25. c4 Qxa2 26. Ra1 Qb3 27. Rxa5 b6 28.
Rb5 Qa3 29. d6 Rad8 30. Rg5 f6 31. Re7 Rf7 32. Qd5 Rf8 33. Rxf7 Rxf7 34. d7 1-0

[Event "*** Titled Tuesday Blitz"]
[Site "Chess.com"]
[Date "2021.02.02"]
[Round "9"]
[White "EugeneRougon"]
[Black "awesomevishesh"]
[Result "1-0"]
[WhiteElo "2720"]
[BlackElo "2497"]
[TimeControl "180+1"]
[EndTime "11:44:50 PST"]
[Termination "EugeneRougon won on time"]

1. e4 c5 2. Nf3 d6 3. d4 cxd4 4. Nxd4 Nf6 5. Nc3 a6 6. Be3 e5 7. Nf3 Be7 8. Bc4 Be6 9. Bxe6 fxe6 10. Ng5 Qd7 11. Qf3 d5 12. O-O-O d4 13. Bxd4 exd4 14.
e5 O-O 15. exf6 Bxf6 16. Qh5 Bxg5+ 17. Qxg5 Rxf2 18. Qh4 Qf7 19. Rxd4 Nc6 20. Rd7 Qxd7 21. Qxf2 Rf8 22. Qe3 e5 23. Rd1 Qf5 24. Nd5 h6 25. b3 Rf7 26. Kb2 Nd4 27. Rd2 Kh7 28. h3 Rd7 29. g4 Qg6 30. Qxe5 Nf3 31. Nf6+ Kh8 32. Qb8+ 1-0

[Event "*** Titled Tuesday Blitz"]
[Site "Chess.com"]
[Date "2021.02.02"]
[Round "9"]
[White "Grieve72"]
[Black "Mimsychess"]
[Result "0-1"]
[WhiteElo "2489"]
[BlackElo "2384"]
[TimeControl "180+1"]
[EndTime "11:44:51 PST"]
[Termination "Mimsychess won by checkmate"]

1. d4 Nf6 2. Bg5 e6 3. Nd2 d5 4. e3 Be7 5. Bd3 Nbd7 6. Ngf3 b6 7. O-O Bb7 8. c3 Ne4 9. Bxe7 Qxe7 10. Qc2 f5 11.
Ne5 Nxe5 12. dxe5 O-O 13. f4 Nxd2 14. Qxd2 c5 15. Rad1 Rad8 16. Qf2 Kh8 17. Be2 g5 18. Rd2 Rg8 19. Rfd1 gxf4 20. exf4 Rg7 21. Bf3 Rdg8 22.
Qf1 d4 23. cxd4 cxd4 24. Rxd4 Bxf3 25. Qxf3 Qc5 26. Kh1 Rxg2 27. Qxg2 Rxg2 28. Kxg2 Qc2+ 29. R1d2 Qb1 30. Rd7 Qe4+ 31. Kg3 Qe3+ 32. Kh4 Qxf4+ 33. Kh5 Qg4+ 34. Kh6 Qg6# 0-1

[Event "*** Titled Tuesday Blitz"]
[Site "Chess.com"]
[Date "2021.02.02"]
[Round "9"]
[White "Thjop"]
[Black "bocah_sakit"]
[Result "0-1"]
[WhiteElo "2672"]
[BlackElo "2825"]
[TimeControl "180+1"]
[EndTime "11:44:52 PST"]
[Termination "bocah_sakit won by checkmate"]

1. e4 c5 2. Nf3 Nc6 3. g3 g6 4.
Bg2 Bg7 5. O-O e5 6. d3 Nge7 7. Nc3 O-O 8. a4 d6 9. Nd2 h6 10. Nc4 Be6 11. Nd5 Kh7 12. c3 f5 13. f4 Qd7 14.
Be3 Rf7 15. Qd2 Raf8 16. a5 exf4 17. Bxf4 Ne5 18. Nxe5 dxe5 19. Be3 Nxd5 20. exd5 Bxd5 21. Bxc5 Bxg2 22. Bxf8 Bxf1 23. Bxg7 Kxg7 24. Rxf1 Qd5 25. a6 bxa6 26. Re1 e4 27. d4 g5 28. Qe2 Re7 29.
Qxa6 f4 30. Qe2 Qf5 31. c4 e3 32. Qf3 Re4 33. d5 g4 34. Qd1 f3 35. Rxe3 Rxe3 36.
Qd4+ Re5 37. d6 Qb1+ 38. Kf2 Qe1# 0-1

[Event "*** Titled Tuesday Blitz"]
[Site "Chess.com"]
[Date "2021.02.02"]
[Round "9"]
[White "Walter_White_Poland"]
[Black "BahadirOzen"]
[Result "1/2-1/2"]
[WhiteElo "2350"]
[BlackElo "2722"]
[TimeControl "180+1"]
[EndTime "11:44:53 PST"]
[Termination "Game drawn by agreement"]

1. e4 g6 2. d4 Bg7 3. Nc3 d6 4. h3 a6 5. a4 Nc6 6. Nf3 Nf6 7.
Be3 O-O 8. Be2 e5 9. dxe5 dxe5 10. Qxd8 Rxd8 11. O-O Be6 12. Rfd1 h6 13. Kf1 Kf8 14.
Bc5+ Ke8 15. Ke1 Bf8 16. Bxf8 Kxf8 17. Rxd8+ Rxd8 18. Rd1 Rxd1+ 19. Kxd1 Ke7 20. Kd2 Kd6 21. Bd3 Nb4 22. Nd1 Nd7 23. Ne3 Kc5 24. b3 Nxd3 25. Kxd3 Kb4 26. Nd2 b5 27. axb5 axb5 28. c3+ Ka3 29.
b4 c5 30. bxc5 Nxc5+ 31. Kc2 h5 32. h4 1/2-1/2

[Event "*** Titled Tuesday Blitz"]
[Site "Chess.com"]
[Date "2021.02.02"]
[Round "9"]
[White "Kildepiotr"]
[Black "Zmeeed63"]
[Result "0-1"]
[WhiteElo "2581"]
[BlackElo "2412"]
[TimeControl "180+1"]
[EndTime "11:44:53 PST"]
[Termination "Zmeeed63 won by resignation"]

1. Nf3 d5 2. g3 Nf6 3. Bg2 c5 4. O-O Nc6 5. d3 e6 6. Nbd2 Be7 7. e4 b6 8. Qe2 Bb7 9. c3 Qc7 10. Re1 h6 11. a3 dxe4 12. dxe4 Rd8 13. Nf1 O-O 14.
b4 cxb4 15. cxb4 Nd4 16. Nxd4 Rxd4 17. Bb2 Rd7 18. Rac1 Qb8 19. Red1 Rfd8 20. Rxd7 Rxd7 21. Ne3 Nxe4 22. Ng4 Rd2 23. Nxh6+ gxh6 24. Qg4+ Ng5 25. Bc3 Bxg2 26. Bxd2 Bf3 27. Qd4 Bd5 28. Kf1 Qb7 29. h4 Bg2+ 30. Ke1 Nf3+ 0-1